 Dungeon Crawl Stone Soup version 0.24.0-125-gc4c63601f3 (webtiles) character file.

Game seed: 16240631738919004701, levelgen mode: deterministic

1912 1994 the Scholar of Death (level 9, -5/66 HPs)
             Began as a Human Necromancer on Mar 15, 2020.
             Was a Follower of Kikubaaqudgha.
             Killed by divine providence
             ... invoked by an orc priest
              (9 damage)
             ... on level 6 of the Dungeon.
             The game lasted 00:34:15 (8775 turns).

1994 the Scholar of Death (Human Necromancer)       Turns: 8775, Time: 00:34:15

Health: -5/66      AC:  5    Str:  9    XL:     9   Next: 39%
Magic:  2/18       EV: 12    Int: 18    God:    Kikubaaqudgha [*.....]
Gold:   329        SH:  5    Dex: 14    Spells: 5/21 levels left

rFire    . . .     SeeInvis .   b - +2 falchion (holy)
rCold    . . .     Gourm    .   l - +0 buckler
rNeg     . . .     Faith    .   p - +0 leather armour
rPois    .         Spirit   .   v - +0 helmet
rElec    .         Reflect  .   (no cloak)
rCorr    +         Harm     .   u - +0 pair of gloves
MR       .....                  (no boots)
Stlth    ++........             (no amulet)
HPRegen  1.21/turn              h - ring of resist corrosion
MPRegen  0.16/turn              (no ring)

@: regenerating
A: no striking features
a: Receive Corpses, Renounce Religion


You were on level 6 of the Dungeon.
You worshipped Kikubaaqudgha.
Kikubaaqudgha was aware of your devotion.
You were not hungry.

You visited 2 branches of the dungeon, and saw 7 of its levels.
You also visited: Sewer.

You collected 329 gold pieces.

Inventory:

Hand Weapons
 a - a +2 dagger of venom
 b - a +2 falchion of holy wrath (weapon)
 y - the +8 flail "Zotuch" {holy, rN+ Str-4 Dex+8}
   (You took it off an orc on level 5 of the Dungeon)

   It has been blessed by the Shining One to cause great damage to the undead
   and demons.
   It affects your strength (-4).
   It affects your dexterity (+8).
   It protects you from negative energy.
 C - a +1 falchion of flaming
Missiles
 f - 118 sling bullets
 g - 152 stones
 q - 27 poisoned darts (quivered)
Armour
 l - a +0 buckler (worn)
 p - a +0 leather armour (worn)
 u - a +0 pair of gloves (worn)
 v - a +0 helmet (worn)
 D - a +0 shield
Jewellery
 h - a ring of resist corrosion (left hand)
Wands
 d - a wand of enslavement (8)
Scrolls
 j - a scroll of fog {unknown}
 k - a scroll of fear
 o - 3 scrolls of teleportation
 r - a scroll of amnesia {unknown}
 s - a scroll of remove curse
Potions
 e - 3 potions of flight
 i - 2 potions of magic
 m - 2 potions of curing
 n - 3 potions of haste
 t - a potion of mutation
 w - a potion of cancellation
 x - 3 potions of might
 z - 2 potions of heal wounds {unknown}
 A - a potion of lignification {unknown}
Comestibles
 c - 7 rations
 B - 3 chunks of flesh


   Skills:
 + Level 4.5 Fighting
 - Level 2.0 Dodging
 - Level 2.0 Stealth
 - Level 4.0 Shields
 * Level 6.5 Spellcasting
 + Level 2.9 Charms
 + Level 7.2 Necromancy


You had 5 spell levels left.
You knew the following spells:

 Your Spells              Type           Power        Failure   Level  Hunger
a - Pain                  Necr           ####         1%          1    None
b - Animate Skeleton      Necr           N/A          1%          1    None
c - Vampiric Draining     Necr           ####......   2%          3    ##.....
d - Regeneration          Chrm/Necr      ###.......   6%          3    ##.....
e - Animate Dead          Necr           N/A          8%          4    ####...
f - Corpse Rot            Necr           N/A          1%          2    None
g - Sublimation of Blood  Necr           ####......   1%          2    None

Your spell library contained the following spells:

 Spells                   Type           Power        Failure   Level  Hunger


Dungeon Overview and Level Annotations

Branches:
Dungeon (6/15)             Temple (1/1) D:5           Sewer (visited)

Altars:
Ashenzari
Cheibriados
Dithmenos
Elyvilon
Fedhas
Gozag
Hepliaklqana
Kikubaaqudgha
Makhleb
Nemelex Xobeh
Okawaru
Qazlal
Ru
Sif Muna
Trog
Uskayaw
Vehumet
Wu Jian
Xom
Yredelemnul
Zin
The Shining One

Annotations:
D:5 1 runed translucent door, 1 exclusion


Message History

* * * LOW HITPOINT WARNING * * *
Unknown command.
Unknown command.
Unknown command.
Casting: Vampiric Draining (safe; 2% risk of failure)
Confirm with . or Enter, or press ? or * to list all spells.
Your skin crawls.
The gnoll closely misses you. The orc priest hits you with a +0 mace.
* * * LOW HITPOINT WARNING * * *
Unknown command.
Unknown command.
Casting: Regeneration (safe; 6% risk of failure)
Confirm with . or Enter, or press ? or * to list all spells.
You call on the dead to rise...
The dead are walking!
The gnoll hits you with a +0 whip!
* * * LOW HITPOINT WARNING * * *
The orc priest calls down the wrath of Beogh upon you.
Beogh smites you!
You die...
Kikubaaqudgha rasps: "You have failed me!
Welcome... death!"

....... #.....).# #...#
.......## ##.......# ##..#
........####....)...####...
#....)).##.........#.....#
#......?.Z......##.......#
#.....>...).##............
....##..#o)................
........##g................
##..##..##@.............#')
.. #...oo.Z###.......##.. .
##................##..
#...####..#.....#..###
....# #......####...##
...... ##.....###....(.
...... #..............
...#. ..................
...## .###..............


You could see 2 orc priests, a gnoll, an orc, a friendly gnoll zombie and a
friendly orc warrior zombie.

Vanquished Creatures
  The ghost of matti1234 the Sneak, a novice OpWr (D:5)
  An orc warrior (D:6)
  A phantom (D:4)
  4 ogres
  A centaur (D:5)
  A scorpion (D:5)
  A howler monkey (D:4)
  3 crimson imps (D:5)
  A centaur zombie (D:5)
  A bullfrog zombie (D:4)
  An orc priest (D:3)
  5 hounds
  A centaur skeleton (D:4)
  Ijyb (D:4)
  An iguana (D:5)
  An orc wizard (D:3)
  5 worker ants
  A hound zombie (D:5)
  A hound skeleton (D:6)
  A howler monkey zombie (D:6)
  Robin (D:3)
  3 gnolls (D:6)
  2 river rats (D:6)
  6 adders
  2 oozes
  A worm (D:3)
  A dart slug (D:1)
  3 leopard geckos
  11 orcs
  7 ball pythons
  14 giant cockroaches
  16 goblins
  4 hobgoblins
  6 jackals
  3 quokkas
  6 bats
  A frilled lizard (D:1)
  2 jackal skeletons (D:4)
  18 kobolds
  A leopard gecko skeleton (D:6)
  2 quokka skeletons (D:5)
  8 rats
  6 plants (Sewer)
157 creatures vanquished.

Vanquished Creatures (collateral kills)
  A gnoll sergeant (D:6)
  A gnoll shaman (D:6)
  A gnoll (D:6)
  3 ball pythons (Sewer)
  A plant (Sewer)
7 creatures vanquished.

Vanquished Creatures (others)
  A plant (Sewer)
1 creature vanquished.

Grand Total: 165 creatures vanquished

Notes
Turn   | Place    | Note
-------+----------+-------------------------------------------
     0 | D:1      | 1994 the Human Necromancer began the quest for the Orb.
     0 | D:1      | Reached XP level 1. HP: 13/13 MP: 3/3
    30 | D:1      | Learned a level 1 spell: Animate Skeleton
   288 | D:1      | Reached XP level 2. HP: 19/20 MP: 1/5
  1030 | D:2      | Reached XP level 3. HP: 22/25 MP: 6/6
  1171 | D:2      | Learned a level 3 spell: Vampiric Draining
  1213 | D:2      | Found a shimmering blue altar of Sif Muna.
  1368 | D:2      | Reached skill level 1 in Fighting
  1459 | D:2      | Reached XP level 4. HP: 22/32 MP: 3/8
  2726 | D:3      | Reached XP level 5. HP: 36/37 MP: 6/9
  2827 | D:3      | Noticed Robin
  2870 | D:3      | Killed Robin
  2870 | D:3      | Reached skill level 5 in Necromancy
  3395 | D:3      | Noticed an ogre
  3646 | D:3      | Killed an ogre
  3646 | D:3      | Reached XP level 6. HP: 34/44 MP: 5/11
  3717 | D:3      | Learned a level 3 spell: Regeneration
  3722 | D:3      | Learned a level 4 spell: Animate Dead
  3811 | D:3      | Found a shimmering altar of Xom.
  4640 | D:4      | Reached XP level 7. HP: 35/51 MP: 3/13
  4896 | D:4      | Reached skill level 6 in Necromancy
  5322 | D:4      | Noticed Ijyb
  5340 | D:4      | Killed Ijyb
  5346 | D:4      | Reached skill level 5 in Spellcasting
  5596 | D:5      | Entered Level 5 of the Dungeon
  5679 | D:5      | Reached XP level 8. HP: 54/58 MP: 15/15
  5806 | D:5      | Reached skill level 1 in Shields
  5974 | D:5      | Found a runed translucent door.
  6185 | D:5      | Found a shimmering altar of Xom.
  6225 | D:5      | Reached skill level 1 in Charms
  6306 | D:5      | Identified the +8 flail "Zotuch" {holy, rN+ Str-4 Dex+8}
  6356 | D:5      | Found a staircase to the Ecumenical Temple.
  6367 | Temple   | Entered the Ecumenical Temple
  6483 | Temple   | Became a worshipper of Kikubaaqudgha
  7098 | D:5      | Found a runed translucent door.
  7099 | D:5      | Noticed matti1234's ghost (novice OpWr)
  7138 | D:5      | Killed matti1234's ghost
  7138 | D:5      | Reached skill level 7 in Necromancy
  7138 | D:5      | Reached XP level 9. HP: 60/65 MP: 16/18
  7287 | D:6      | Found an opulent altar of Gozag.
  7395 | D:6      | Found a glowing drain.
  7402 | Sewer    | Entered a sewer
  8529 | D:6      | Reached * piety under Kikubaaqudgha
  8529 | D:6      | Identified Kikubaaqudgha's Volume of Evil (Kikubaaqudgha
                  | gifted it to you on level 6 of the Dungeon)
  8529 | D:6      | Received a gift from Kikubaaqudgha
  8534 | D:6      | Learned a level 2 spell: Corpse Rot
  8537 | D:6      | Learned a level 2 spell: Sublimation of Blood
  8775 | D:6      | Killed from afar by an orc priest

Levels and vault maps discovered:
D:1:      tarquinn_simple_flora_water_e, layout_basic, minmay_statues_item
D:2:      layout_rooms, first_ration, led_sif_pool
D:3:      layout_loops_ring, xom_teletrap_fun, uniq_robin
D:4:      layout_rooms, uniq_ijyb
D:5:      layout_loops_ring, lemuel_round_altar, minmay_temple_entry_wispy,
          gammafunk_ghost_grave, uniq_crazy_yiuf_cottage
D:6:      layout_cave_pools, serial_gnoll_camp, gnoll_camp_mini_hut,
          gnoll_camp_mini_hut, gnoll_camp_mini_shop, gnoll_camp_huts_basic,
          gup_sewer_entry_spiral, corexii_shack, grunt_gozag_breadcrumbs
Temple:   kilobyte_greek_temple

Skill      XL: |  1  2  3  4  5  6  7  8  9 |
---------------+----------------------------+-----
Fighting       | 1 2 3 4 |  4.5
Spellcasting   | 3 4 5 6 |  6.5
Necromancy     | 5 6 7 |  7.2
Shields        | 3 4 |  4.0
Charms         | 2 |  2.9
Dodging        | |  2.0
Stealth        | |  2.0

Action                   |  1- 3 |  4- 6 |  7- 9 || total
-------------------------+-------+-------+-------++-------
Melee: Dagger            |    11 |    33 |       ||    44
       Falchion          |       |     7 |   421 ||   428
Throw: Stone             |       |     2 |     7 ||     9
       Dart              |       |    19 |     8 ||    27
 Cast: Pain              |    26 |   101 |    85 ||   212
       Animate Skeleton  |       |     3 |    11 ||    14
       Vampiric Draining |       |     2 |    15 ||    17
       Regeneration      |       |       |     4 ||     4
       Animate Dead      |       |       |     2 ||     2
  Use: Scroll            |       |     6 |     9 ||    15
 Stab: Sleeping          |     2 |       |     3 ||     5
  Eat: Chunk             |     2 |    10 |    13 ||    25
       Ration            |       |       |     1 ||     1
Armor: Robe              |     2 |     1 |       ||     3
       Leather armour    |       |    18 |    59 ||    77
Dodge: Dodged            |     7 |    35 |   119 ||   161
Block: Buckler           |       |       |    33 ||    33
       Rpst.: Falchion   |       |     1 |    41 ||    42
